 Dungeon Crawl Stone Soup version 0.26.1-2-gb8aa6d0cf2 (webtiles) character file.

Game seed: 3524715991658098234

186 Descartes the Magician (level 5, -3/28 HPs)
             Began as a Deep Elf Wanderer on Mar 12, 2021.
             Killed by divine providence
             ... invoked by an orc priest
              (11 damage)
             ... on level 3 of the Dungeon.
             The game lasted 00:10:08 (3704 turns).

Descartes the Magician (Deep Elf Wanderer)          Turns: 3704, Time: 00:10:09

Health: -3/28      AC:  2    Str:  7    XL:     5   Next: 38%
Magic:  15/15      EV: 11    Int: 20    God:
Gold:   135        SH:  0    Dex: 14    Spells: 13/16 levels left

rFire    . . .     SeeInvis .   f - +0 dagger (distort)
rCold    . . .     Faith    .   (no shield)
rNeg     . . .     Spirit   .   d - +0 robe
rPois    +         Reflect  .   (no helmet)
rElec    .         Harm     .   (no cloak)
rCorr    .         Rampage  .   (no gloves)
Will     .....                  (no boots)
Stlth    +++.......             (no amulet)
HPRegen  0.09/turn              v - ring of poison resistance
MPRegen  0.14/turn              (no ring)

@: no status effects
A: no striking features
a: no special abilities


You were on level 3 of the Dungeon.
You visited 1 branch of the dungeon, and saw 4 of its levels.

You collected 135 gold pieces.

Inventory:

Hand Weapons
 f - a +0 dagger of distortion (weapon)
Missiles
 b - 230 stones
 h - 29 bolts
 j - 11 arrows
 p - 22 poisoned darts (quivered)
 u - 6 boomerangs
 w - 26 sling bullets
Armour
 d - a +0 robe (worn)
 e - a +0 buckler
Jewellery
 v - a ring of poison resistance (left hand)
Wands
 y - a wand of acid (9)
Scrolls
 a - 10 scrolls of identify {unknown}
 c - 4 scrolls of teleportation
 g - a scroll of remove curse {unknown}
 q - 3 scrolls of blinking {unknown}
 r - a scroll of fear {unknown}
 A - a scroll of enchant weapon {unknown}
 B - a scroll of random uselessness {unknown}
 C - a scroll of fog {unknown}
Potions
 i - 2 potions of haste {unknown}
 k - 2 potions of curing {unknown}
 l - a potion of invisibility {unknown}
 m - 2 potions of might {unknown}
 n - 3 potions of flight {unknown}
 o - a potion of brilliance {unknown}
 s - 3 potions of heal wounds {unknown}
 t - a potion of degeneration {unknown}
 x - a potion of cancellation {unknown}
 z - a potion of lignification {unknown}


   Skills:
 + Level 4.6 Stealth
 + Level 2.1 Shields
 - Level 6.0 Spellcasting
 + Level 4.7 Conjurations
 - Level 1.1 Summonings


You had 13 spell levels left.
You knew the following spells:

 Your Spells              Type           Power        Failure   Level
a - Magic Dart            Conj           100%         1%          1
b - Blink                 Tloc           N/A          16%         2

Your spell library contained the following spells:

 Spells                   Type           Power        Failure   Level
 Summon Small Mammal      Summ           40%          7%          1
 Call Imp                 Summ           10%          10%         2
 Conjure Flame            Conj/Fire      15%          12%         3
 Slow                     Hex            6%           16%         2
 Mephitic Cloud           Conj/Pois/Air  12%          16%         3
 Call Canine Familiar     Summ           10%          21%         3


Dungeon Overview and Level Annotations

Branches:
Dungeon (4/15)
 Temple: D:4-7

Altars:
Cheibriados
Dithmenos
Fedhas
Makhleb
Nemelex Xobeh
Qazlal

Shops:
D:4 !


Message History

There is a stone staircase leading down here.
You hit the orc.
The orc is heavily wounded.
The orc blinks!
The orc wizard casts a spell at you. You resist with some effort.
You barely miss the orc priest.
The orc priest is severely wounded.
The orc priest hits you with a +0 club.
You closely miss the orc priest.
The orc priest is severely wounded.
The orc priest hits you with a +0 club.
* * * LOW HITPOINT WARNING * * *
You hit the orc priest.
The orc priest is almost dead.
The orc priest blinks!
The orc priest begins to cast a cantrip, but forgets the words!
The orc priest invokes the aid of Beogh against you.
Beogh smites you!
You die...

########.....#
#.#.##########....
#..>..#.## #...#
#.##. #.###.#.#
#.### #.##.
#####.###.#.# #.#
#..).
..##...##.#.# #.#
#.##.
..........#.####.#
#.##.
#.##...####......#
#.### #.##..##
######.# #.#
#.....# #@# #.###
......### #.#
#.... ........#
#.# #....
#..##.#.# #o#
#.### #..##.#.#
#o# #.#
#..##.#.########.#
#.# #
#...............o#
#.# #
#.###............#
#.### #.#
###.########.#
#.#..


You could see an orc priest, an orc wizard (fast) and an orc.

Vanquished Creatures
  2 bullfrog skeletons (D:3)
  An iguana (D:3)
  3 adders
  2 oozes
  A worm (D:3)
  2 dart slugs
  2 leopard geckos (D:3)
  An orc (D:3)
  A ball python (D:3)
  3 giant cockroaches
  9 goblins
  10 hobgoblins
  6 bats
  6 frilled lizards
  4 kobolds
  4 rats
57 creatures vanquished.

Notes
Turn   | Place    | Note
-------+----------+-------------------------------------------
     0 | D:1      | Descartes the Deep Elf Wanderer began the quest for the
                  | Orb.
     0 | D:1      | Descartes set off with the following items: a +0 dagger, a
                  | scroll of teleportation, a +0 robe; and the following
                  | spells available to memorise: Magic Dart, Summon Small
                  | Mammal, Call Imp, Blink, Slow, Conjure Flame, Call Canine
                  | Familiar, Mephitic Cloud
     0 | D:1      | Reached XP level 1. HP: 10/10 MP: 9/9
     2 | D:1      | Learned a level 1 spell: Magic Dart
   224 | D:1      | Reached skill level 6 in Spellcasting
   385 | D:1      | Reached XP level 2. HP: 15/15 MP: 9/11
  1140 | D:1      | Learned a level 2 spell: Blink
  1279 | D:2      | Found a shadowy altar of Dithmenos.
  1302 | D:2      | Reached XP level 3. HP: 19/19 MP: 7/12
  1503 | D:2      | Reached skill level 1 in Shields
  1624 | D:2      | Found a burning altar of Makhleb.
  2168 | D:2      | Found a stormy altar of Qazlal.
  2371 | D:3      | Reached XP level 4. HP: 16/24 MP: 7/14
  2869 | D:3      | Reached XP level 5. HP: 28/28 MP: 8/15
  2922 | D:3      | Found a blossoming altar of Fedhas.
  2922 | D:3      | Found a snail-covered altar of Cheibriados.
  3494 | D:3      | Found a sparkling altar of Nemelex Xobeh.
  3689 | D:4      | Found Zieph's Distillery.
  3704 | D:3      | Killed from afar by an orc priest

Illustrated notes

Levels and vault maps discovered:
D:1:      matt_arrival_grand_opening, layout_basic, minmay_fountain_box,
          minmay_tripent
D:2:      wad_crossroads, layout_loops_ring, lemuel_crystal_altar,
          nicolae_qazlal_eye_of_the_storm, serial_glass, glass_columns_c,
          glass_columns_b, item_on_display_a, minmay_strange_pillars,
          item_on_display_a, hangedman_glass_teeth, minmay_misc_feat_iff,
          grunt_dithmenos_smoke_and_mirrors
D:3:      layout_loops_ring, gammafunk_temple_overflow_pools,
          nemelex_spade_bored_becter
D:4:      layout_rooms, grunt_gozag_statues, kennysheep_mini, serial_shops,
          shop, nicolae_shop_trees, shop_statue, shop

Skill      XL: |  1  2  3  4  5 |
---------------+----------------+-----
Spellcasting   | 6 |  6.0
Stealth        | 3 4 |  4.6
Shields        | 1 2 |  2.1
Conjurations   | 4 |  4.7
Summonings     | |  1.1

Action                   |  1- 3 |  4- 6 || total
-------------------------+-------+-------++-------
Melee: Dagger            |    18 |     8 ||    26
 Cast: Magic Dart        |    60 |    58 ||   118
Armor: Robe              |     2 |     1 ||     3
Dodge: Dodged            |    14 |    11 ||    25
